← All builds
Tech / Cortex / Economy first / OBSERVED BUILD

Standard tech

Rushes T2 with a Bot Lab at 1:29 and Advanced Bot Lab by 4:21, upgrades mex, and hands the first T2 constructor to Geo while feeding constructors and units to teammates as the game moves on.

Usually first T2 con to Geo (67%)

#t2 #eco #team support · 15 distinct matches · 9 players · 44% of Cortex Tech games · team won 13% of 15 · Recently observed

HOW TO PLAY IT

Key timing: Advanced Bot Lab by 4:21

  1. Take mex and wind, then start a Bot Lab by 1:19.
  2. Rush the Advanced Bot Lab to get T2 cons out fast.
  3. Pass first T2 con to team, prioritizing mex upgrades over eco.
  4. Upgrade to Advanced Metal Extractor as first of many mex upgrades.
  5. Add anti-nuke and crawling bomb, then scale toward fus around 12:11.

Phase by phase

TYPICAL OF ITS 15 GAMES
  1. 1
  2. 2
  3. 3
  4. 4
PLAY THE OPENING

Follow the example game's first 6:00 step by step: what to build now, what comes next, and where it goes. At 1× it keeps pace with your own game.

  1. 1

    Up to the Bot Lab

    Economy
    • Metal Extractor3Mex
    • Wind Turbine4Wind
    • Energy Storage1Energy storage
    Order
    1. Bot LabBot Lab after 3 mex, 4 wind, 1 energy storagedone ~1:29, middle half 1:13–1:37

    By 1:13 in all: 3 mex · 4 wind · 1 energy storage

    The example game in this phase · 4 steps
    1. Mex ×3
    2. Wind ×4
    3. Energy storage
    4. Bot LabBot Labdone 1:34 · typical 1:29
  2. 2

    Bot Lab to Advanced Bot Lab

    Economy
    • Metal Extractor1Mex
    • Wind Turbine7Wind
    Order
    1. Advanced Bot LabAdvanced Bot Lab after 4 mex, 11 wind, 2 con turretdone ~4:21, middle half 4:10–4:48
    Builders
    • Construction Turret2 Con turret
    • Construction Bot2 Con bot
    • Graverobber2 Graverobber

    Some games also: con bot for allies (47%)

    By 2:47 in all: 4 mex · 11 wind · 1 energy storage · 2 con turret

    The example game in this phase · 7 steps
    1. Wind
    2. GraverobberGraverobber
    3. Wind
    4. Construction BotCon bot
    5. GraverobberGraverobber
    6. Con turret ×2
    7. Advanced Bot LabAdvanced Bot Labdone 4:22 · typical 4:21
  3. 3

    Advanced Bot Lab to 5:00

    Economy
    • Wind Turbine5Wind
    Builders
    • Advanced Construction Bot1 T2 con bot for allies

    Some games also: Graverobber (40%) · converter (40%)

    By 5:00 in all: 4 mex · 16 wind · 2 converter · 1 energy storage · 2 con turret

    The example game in this phase · 10 steps
    1. Construction BotCon botfor Air
    2. GraverobberGraverobber
    3. Mex
    4. Wind
    5. Converter
    6. Wind ×5
    7. Advanced Construction BotT2 con botfor Geo
    8. Wind
    9. Advanced Construction BotT2 con botfor Air
    10. Wind
  4. 4

    5:00 to 10:00

    Economy
    • Wind Turbine19Wind
    • Energy Converter1Converter
    Builders
    • Construction Turret2 Con turret
    • Advanced Construction Bot4 T2 con bot for allies
    • Twitcher1 Twitcher
    • Advanced Construction Bot1 T2 con bot

    Some games also: metal storage (40%) · con bot (33%)

    By 10:00 in all: 4 mex · 36 wind · 5 converter · 1 energy storage · 5 con turret

    The example game in this phase · 63 steps
    1. Advanced Metal ExtractorT2 mex ×3done 6:01 · typical 5:53
    2. Advanced Construction BotT2 con botfor Pond
    3. Con turret
    4. Advanced Construction BotT2 con botfor Geo sea
    5. Con turret
    6. Advanced Metal ExtractorT2 mex
    7. TwitcherTwitcher
    8. Wind
    9. Advanced Construction BotT2 con bot
    10. Wind
    11. Construction BotCon bot
    12. Wind
    13. ArbiterArbiterfor Suicide frontdone 8:44
    14. Wind ×2
    15. Fusion ReactorFusiondone 11:35
    16. ArbiterArbiterfor Suicide front
    17. Wind ×4
    18. ArbiterArbiterfor Suicide front
    19. Metal storage
    20. Wind ×3
    21. Construction BotCon bot ×2
    22. Con turret ×2
    23. Converter ×2
    24. Con turret
    25. Converter ×7
    26. CommandoCommando
    27. Converter ×8
    28. HerculesLight transport
    29. FiendFiend
    30. Con turret
    31. Converter ×3
    32. HerculesLight transport
    33. Converter
    34. FiendFiend
    35. Converter
    36. HerculesLight transport
    37. Converter ×2
    38. TrasherTrasher
    39. HerculesLight transport
    40. Converter
    41. TrasherTrasher
    42. HerculesLight transport
    43. Converter
    44. FinchFinch
    45. Converter ×2
    46. FinchFinch
    47. Fusion ReactorFusion
    48. Converter ×4
    49. Con turret
    50. Converter ×3
    51. Con turret
    52. Converter ×5
    53. Fusion ReactorFusion
    54. Converter ×9
    55. Medium MineMedium Mine
    56. Fusion ReactorFusion
    57. Converter
    58. Medium MineMedium Mine
    59. Converter
    60. PrevailerPrevailernot finished by 15:00
    61. Converter ×6
    62. Medium MineMedium Mine
    63. Converter ×4

Counts are medians over the build's games: half of them build more, half fewer. The example game is CommandoMan's (37 OS, 16/08/2026); pick another.

Team trades

IN AT LEAST 30% OF ITS GAMES

You hand over

  • Construction Bot1 Con bot to Air or Geofirst at 2:49 · in 60% of games
  • Advanced Construction Bot5 T2 con bot to Air or Pond or Geo seafirst at 5:16 · in 93% of games

You get

  • Hercules1 Light transport from Airfirst at 3:56 · in 67% of games

How it plays out

Typical game of this build, running totals by minute

Metal produced

010k20k30k
0:005:0010:0015:00

metal

Enemy metal destroyed

00.51
0:005:0010:0015:00

metal

Own metal lost

050100150
0:005:0010:0015:00

metal

15 games.

Show as table
ByMetal produced: This buildEnemy metal destroyed: This buildOwn metal lost: This build
1:0038400
2:0091700
3:00176300
4:00304100
5:00472000
6:00555700
7:00676300
8:00887400
9:001115200
10:001293000
11:001649700
12:002054100
13:002334200
14:00268000102
15:00291270130
WHAT THE NUMBERS SAY

Standard Tech wins only 12% of games despite very fast T2, with essentially zero recorded kills or losses in the sample.

  • + Advanced Bot Lab lands by 4:21, fastest T2 factory timing among all builds.
  • − Team win rate is the lowest of all sampled roles by a wide margin.
THE EXAMPLE YOU ARE READING

CommandoMan

37.3 OS · 16/08/2026

Open source match ↗

2 received units · includes a constructor
2219 metal received · 75448 energy received

Allied construction assistance is unknown. Timings are observations, not a promise of solo reproducibility.

Typical milestones

Bot Lab1:29Middle 50%: 1:13–1:37 · n=15
Advanced Bot Lab4:21Middle 50%: 4:10–4:48 · n=14
Advanced Metal Extractor5:53Middle 50%: 5:19–6:12 · n=14

Played most by

RollingDad4games of this buildCommandoMan3games of this buildBM_akumar62games of this build[Grump]Glorp_TTV1game of this build[Grump]Grumpiness1game of this build